 Dungeon Crawl Stone Soup version 0.18.1-48-g4cf74bf (webtiles) character file.

134 MistressOfTheDunes the Insei (level 4, -3/35 HPs)
             Began as a Mummy Monk on June 24, 2016.
             Killed from afar by an orc wizard (8 damage)
             ... with a magic dart
             ... on level 2 of the Dungeon.
             The game lasted 00:04:48 (4583 turns).

MistressOfTheDunes the Insei (Mummy Monk)           Turns: 4583, Time: 00:04:48

Health: -3/35      AC:  1    Str: 14    XL:     4   Next: 95%
Magic:  4/4        EV: 12    Int:  9    God:
Gold:   121        SH:  4    Dex: 15    Spells: 0 memorised, 3 levels left

rFire  x . .     SeeInvis .       - Unarmed
rCold  + . .     Gourm    .     (no armour)
rNeg   + + +     Faith    .     g - +0 buckler
rPois  ∞         Spirit   .     h - +0 helmet
rElec  .         Dismiss  .     (no cloak)
rCorr  .         Reflect  .     (no gloves)
SustAt .         Harm     .     (no boots)
MR     .....                    (no amulet)
Stlth  ++........               (no ring)
                                (no ring)

@: not resistant to hostile enchantments, unstealthy
A: no food or potions, fire vulnerability, cold resistance 1, negative energy
resistance 3, torment resistance, unbreathing
a: no special abilities


You were on level 2 of the Dungeon.
You were not hungry.

You visited 1 branch of the dungeon, and saw 3 of its levels.

You collected 121 gold pieces.


Innate Abilities, Weirdness & Mutations

You do not eat or drink.
Your flesh is vulnerable to fire.
You are immune to poison.
Your flesh is cold resistant.
You are immune to negative energy.
You are immune to unholy pain and torment.
You can survive without breathing.


   Skills:
 - Level 3.0 Fighting
 - Level 2.4 Dodging
 - Level 1.5 Stealth
 + Level 1.2 Shields
 - Level 5.0 Unarmed Combat


You had 3 spell levels left.
You didn't know any spells.

Inventory:

Armour
 g - a +0 buckler (worn)
 h - a +0 helmet (worn)
Scrolls
 a - 2 scrolls of remove curse {unknown}
 b - 2 scrolls of teleportation {unknown}
 c - 3 scrolls of identify {unknown}
 d - a scroll of blinking {unknown}
 e - a scroll of fear {unknown}
 f - a scroll of immolation {unknown}

Dungeon Overview and Level Annotations

Branches:
Dungeon (3/15)

Altars:
Vehumet

▒.▒ ▒.▒ ▒.▒
▒.▒▒▒▒▒▒▒▒▒▒
▒..........▒
▒▒▒▒▒▒▒▒▒▒.▒
▒.▒▒▒▒▒▒▒▒▒▒▒▒
▒o▒..........▒
▒Mo.▒▒▒▒▒▒▒▒.▒▒▒▒▒
▒▒▒▒▒ ▒.▒▒...
▒.▒▒.▒▒ ▒....▒
▒▒▒▒▒▒


You could see an orc wizard and an orc.


Message History

The adder skeleton bites you!
The orc wizard hits you with a dagger! * * * don't die
* * * You climb upwards!
There is a stone staircase leading down here!
Unknown command!
You closely miss the orc wizard! The orc hits you! * * * don't die
* * * The orc wizard completely misses you!
You squash the orc wizard like an ant!
The orc wizard is lightly wounded!
The orc misses you!
The orc wizard hits you with a dagger! * * * don't die
* * * You barely miss the orc wizard!
The orc wizard is lightly wounded!
The orc closely misses you! The orc wizard closely misses you!
You pummel the orc wizard but do no damage!
The orc wizard is lightly wounded!
The orc hits you! * * * don't die
* * * The orc wizard hits you with a dagger! * * * don't die
* * * You barely miss the orc wizard!
The orc wizard is lightly wounded!
The orc hits you! * * * don't die
* * * You barely miss the orc wizard!
The orc wizard is lightly wounded!
The orc wizard points at you and mumbles some strange words!
The magic dart hits you!!! rip

Action                   |  1- 3 |  4- 6 || total
-------------------------+-------+-------++-------
Melee: Unarmed           |    91 |   165 ||   256
       Punch             |     1 |     6 ||     7
 Stab: Sleeping          |     2 |     3 ||     5
       Distracted        |       |     1 ||     1
Dodge: Dodged            |    49 |   103 ||   152
Block: Buckler           |       |     7 ||     7

Vault maps used:
D:1:      erik_arrival_triangle_small
D:2:      lemuel_coloured_pillars_altar, first_bread, minmay_strange_pillars,
          minmay_misc_feat_five
D:3:      serial_corexii_hall, corexii_hall_statues_i, corexii_hall_statues_l

Notes
Turn   | Place    | Note
--------------------------------------------------------------
     0 | D:1      | MistressOfTheDunes the Mummy Monk began the quest for the Orb.
     0 | D:1      | Reached XP level 1. HP: 18/18 MP: 1/1
   363 | D:1      | Reached XP level 2. HP: 18/24 MP: 2/2
   745 | D:2      | Reached skill level 4 in Unarmed Combat
   745 | D:2      | Reached XP level 3. HP: 17/29 MP: 3/3
  1480 | D:2      | Reached XP level 4. HP: 17/35 MP: 4/4
  1485 | D:2      | HP: 3/35 [worm (3)]
  2974 | D:1      | Reached skill level 5 in Unarmed Combat
  3329 | D:2      | Found a radiant altar of Vehumet.
  3619 | D:3      | Reached skill level 1 in Shields
  4583 | D:2      | Killed from afar by an orc wizard

Vanquished Creatures
  3 adders (D:2)
  2 oozes
  8 worms
  3 dart slugs
  5 giant geckos
  2 orcs
  5 bats
  2 giant cockroaches
  6 goblins
  8 hobgoblins
  3 giant newts
  10 kobolds
  7 rats
64 creatures vanquished.
